 Dungeon Crawl Stone Soup version 0.24.0-123-gd5b16e6ec5 (webtiles) character file.

Game seed: 7087896221454645908, levelgen mode: deterministic

6457 Curus the Spear-Bearer (level 10, -1/124 HPs)
             Began as a Purple Draconian Berserker on Jan 26, 2020.
             Was a High Priest of Trog.
             Slain by a sixfirhy (3 damage)
             ... in a Gauntlet.
             The game lasted 00:37:34 (6898 turns).

Curus the Spear-Bearer (Purple Draconian Berserker) Turns: 6898, Time: 00:37:34

Health: -1/124     AC: 13    Str: 25      XL:     10   Next: 67%
Magic:  14/15      EV: 14    Int:  9 (10) God:    Trog [*****.]
Gold:   232        SH:  0    Dex: 12 (13) Spells: 9/9 levels left

rFire    . . .     SeeInvis .   g - +1 trident
rCold    + . .     Gourm    .   (no shield)
rNeg     . . .     Faith    .   (armour unavailable)
rPois    .         Spirit   .   (helmet restricted)
rElec    +         Reflect  .   r - +2 cloak
rCorr    .         Harm     .   C - +0 pair of gloves of the Farrier {rElec Int+2}
MR       ++...     NoTele   +   x - +1 pair of boots {Stlth+}
Stlth    ..........             q - amulet of regeneration
HPRegen  0.70/turn              c - ring of flight
MPRegen  0.14/turn              u - ring of protection from cold

@: berserking (expiring), studying Polearms, very quick
A: breathe power, unfitting armour, horns 1, magic resistance 1, cold-blooded,
AC +7
a: Breathe Dispelling Energy, Berserk, Trog's Hand, Brothers in Arms, Renounce
Religion, Evoke Flight


You were in a Gauntlet.
You worshipped Trog.
Trog was extremely pleased with you.
You were not hungry.

You visited 2 branches of the dungeon, and saw 9 of its levels.
You also visited: Sewer and Gauntlet.

You collected 419 gold pieces.
You spent 187 gold pieces at shops.

Inventory:

Hand Weapons
 a - a +4 spear
 g - a +1 trident (weapon)
 v - a +3 arbalest of freezing
Armour
 e - a +2 pair of gloves
 r - a +2 cloak (worn)
 x - a +1 pair of boots of stealth (worn)
 C - the +0 pair of gloves of the Farrier (worn) {rElec Int+2}
   (You found it in a Gauntlet)

   It affects your intelligence (+2).
   It insulates you from electricity.
Jewellery
 c - a ring of flight (left hand)
 h - an uncursed ring of positive energy
 q - an amulet of regeneration (around neck)
 s - a cursed amulet of inaccuracy
 t - an uncursed ring of see invisible
 u - a ring of protection from cold (right hand)
 B - an uncursed amulet of faith
Wands
 j - a wand of iceblast (9)
 A - a wand of scattershot (5)
Scrolls
 d - 7 scrolls of remove curse
 f - 8 scrolls of teleportation
 i - 9 scrolls of identify
 n - 5 scrolls of fog
 p - a scroll of magic mapping
 y - a scroll of blinking
 z - a scroll of summoning
Potions
 k - a potion of flight
 l - 6 potions of curing
 m - a potion of heal wounds
 o - 2 potions of might
Books
 w - a manual of Polearms
Comestibles
 b - 12 rations


   Skills:
 - Level 5.8 Fighting
 - Level 14.0 Polearms
 - Level 4.8 Dodging
 + Level 7.6 Evocations


You had 9 spell levels left.
You didn't know any spells.
Your spell library was empty.

Dungeon Overview and Level Annotations

Branches:
Dungeon (8/15)             Temple (0/1) D:6            Lair (1/6) D:8
  Sewer (visited)         Gauntlet (1/1)

Altars:
Gozag
Hepliaklqana
Kikubaaqudgha
Trog

Shops:
D:4 =

Annotations:
Gauntlet 7 transporters, 19 runed translucent doors


Innate Abilities, Weirdness & Mutations

You can breathe bolts of dispelling energy.
Your rich purple scales are hard. (AC +7)
You cannot fit into any form of body armour.
You are cold-blooded and may be slowed by cold attacks.
You have a pair of small horns on your head.
You are resistant to hostile enchantments. (MR+)


Message History

Trog accepts your kill.
You feel your strength returning.
Your Evocations skill increases to level 7!
You miss the sixfirhy. Your headbutt misses the sixfirhy.
Your tail-slap misses the sixfirhy.
You barely miss the sixfirhy. The sixfirhy hits you!
* * * LOW HITPOINT WARNING * * *
The sixfirhy shocks you. You resist.
* * * LOW HITPOINT WARNING * * *
The sixfirhy closely misses you.
You miss the sixfirhy. The sixfirhy completely misses you.
The sixfirhy hits you.
* * * LOW HITPOINT WARNING * * *
The sixfirhy shocks you. You resist.
* * * LOW HITPOINT WARNING * * *
You completely miss the sixfirhy. Your headbutt misses the sixfirhy.
The sixfirhy hits you.
* * * LOW HITPOINT WARNING * * *
The sixfirhy shocks you. You resist.
You die...

#########...###########..###
.#.©.#...§≈....#.©.#.....#
.#...#...§8≈...#...#.8...###
.#.©.#....§....#.©.#.....#8#
#########...###########..###
W#W.....#...#.≈...≈≈..#..#
W.#.....#...#.≈..≈..≈.#..###
..#....##...#.≈≈3≈≈.≈.#..#8#
..©#.##.#...#..≈@..≈.≈#..###
..###...#...#≈≈.≈©≈..≈#..#
##.#....#...#.≈.≈≈≈.≈.#..###
....#..W#...#..≈...≈≈.#..#8#
....#..W#...#.≈.≈...≈.#..###
..[©[#.W#...#.≈.?©!≈.[#..#
#########§§.###########..###
........§§§..............#8#
........§≈∩§............§###


You could see a sixfirhy.

Vanquished Creatures
  A sixfirhy (Gauntlet)
  Pikel (D:6)
  An oklob plant (Gauntlet)
  A moth of wrath (Gauntlet)
  A rime drake (Lair:1)
  A wyvern (D:7)
  A yak (D:5)
  Edmund (D:6)
  An acid dragon (Gauntlet)
  A porcupine (Lair:1)
  An orc warrior (D:5)
  An ice beast (D:6)
  A sky beast (D:5)
  2 slaves (D:6)
  The ghost of DungeonDestroyer the Shield-Bearer, an amateur GnFi (D:3)
  5 wolves (Gauntlet)
  3 phantoms
  6 ogres
  A centaur (D:5)
  7 bullfrogs
  4 scorpions
  4 jellies
  5 orc priests
  2 bullfrog skeletons
  A bullfrog zombie (D:5)
  A gnoll shaman (D:4)
  2 hounds
  3 iguanas
  5 orc wizards
  8 worker ants
  A hound skeleton (D:2)
  6 gnolls
  A worker ant zombie (D:7)
  14 adders
  A howler monkey skeleton (D:7)
  4 river rats (Sewer)
  A shadow imp (D:7)
  11 oozes
  3 worms
  3 dart slugs
  4 leopard geckos
  18 orcs
  11 giant cockroaches
  6 goblins
  8 hobgoblins
  20 jackals
  4 quokkas
  12 ball pythons
  8 bats
  11 frilled lizards
  A jackal skeleton (D:4)
  16 kobolds
  2 quokka zombies
  28 rats
267 creatures vanquished.

Vanquished Creatures (collateral kills)
  An ugly thing (D:6)
1 creature vanquished.

Vanquished Creatures (others)
  A human (D:4)
  A fungus (D:4)
  2 plants (Gauntlet)
  7 toadstools (D:4)
11 creatures vanquished.

Grand Total: 279 creatures vanquished

Notes
Turn   | Place    | Note
-------+----------+-------------------------------------------
     0 | D:1      | Curus the Draconian Berserker began the quest for the Orb.
     0 | D:1      | Reached XP level 1. HP: 19/19 MP: 1/1
   175 | D:1      | Reached XP level 2. HP: 26/26 MP: 2/2
   586 | D:2      | Reached skill level 4 in Polearms
   832 | D:2      | Gained mutation: You have a pair of small horns on your
                  | head. [potion of mutation]
   832 | D:2      | Gained mutation: You are resistant to hostile enchantments.
                  | (MR+) [potion of mutation]
   914 | D:2      | Reached XP level 3. HP: 31/31 MP: 3/3
  1030 | D:2      | Reached ** piety under Trog
  1172 | D:2      | Reached XP level 4. HP: 38/38 MP: 4/4
  1173 | D:2      | Reached skill level 5 in Polearms
  1485 | D:3      | Reached XP level 5. HP: 36/45 MP: 5/5
  1555 | D:3      | Reached skill level 6 in Polearms
  1702 | D:3      | Reached *** piety under Trog
  1712 | D:3      | Reached XP level 6. HP: 22/51 MP: 6/6
  1856 | D:3      | Found a runed translucent gate.
  1856 | D:3      | Found a runed translucent gate.
  1858 | D:3      | Found a runed translucent gate.
  1858 | D:3      | Found an opulent altar of Gozag.
  1860 | D:3      | Noticed DungeonDestroyer's ghost (amateur GnFi)
  2005 | D:3      | Killed DungeonDestroyer's ghost
  2005 | D:3      | Reached skill level 7 in Polearms
  2084 | D:4      | Found an ancient bone altar of Kikubaaqudgha.
  2192 | D:4      | Noticed a human
  2192 | D:4      | Killed a human
  2213 | D:4      | Reached skill level 8 in Polearms
  2269 | D:4      | Your scales start taking on a rich purple colour.
  2269 | D:4      | Reached XP level 7. HP: 29/57 MP: 7/7
  2372 | D:4      | Reached skill level 9 in Polearms
  2438 | D:4      | Found a glowing drain.
  2458 | Sewer    | Entered a sewer
  2497 | Sewer    | Reached **** piety under Trog
  2724 | Sewer    | Reached XP level 8. HP: 40/63 MP: 8/8
  3207 | D:4      | Reached ***** piety under Trog
  3238 | D:4      | Reached skill level 10 in Polearms
  3251 | D:4      | Received a gift from Trog
  3436 | D:4      | Found Uloaheuz's Jewellery Boutique.
  3441 | D:4      | Bought a cursed amulet of inaccuracy for 22 gold pieces
  3441 | D:4      | Bought an uncursed ring of see invisible for 165 gold
                  | pieces
  3628 | D:5      | Entered Level 5 of the Dungeon
  3640 | D:5      | Found a hazy altar of Hepliaklqana.
  3749 | D:5      | Reached skill level 11 in Polearms
  4225 | D:5      | Reached XP level 9. HP: 70/70 MP: 9/9
  4289 | D:5      | Received a gift from Trog
  4289 | D:5      | Reached skill level 12 in Polearms
  4860 | D:6      | Noticed Pikel
  4896 | D:6      | Killed Pikel
  4896 | D:6      | Reached skill level 13 in Polearms
  5064 | D:6      | Found a staircase to the Ecumenical Temple.
  5206 | D:6      | Reached skill level 14 in Polearms
  5216 | D:6      | Found an opulent altar of Gozag.
  5257 | D:6      | Found a bloodstained altar of Trog.
  5346 | D:6      | Noticed Edmund
  5368 | D:6      | Killed Edmund
  5629 | D:7      | Noticed a red ugly thing
  5644 | D:6      | Killed a red ugly thing
  5797 | D:7      | Reached skill level 5 in Fighting
  5958 | D:7      | Reached XP level 10. HP: 81/81 MP: 10/10
  6334 | D:8      | Found a staircase to the Lair.
  6345 | Lair:1   | Entered Level 1 of the Lair of Beasts
  6414 | Lair:1   | Found a gate leading to a gauntlet.
  6424 | Gauntlet | Entered a Gauntlet
  6424 | Gauntlet | Found a transporter.
  6424 | Gauntlet | Found a transporter.
  6424 | Gauntlet | Noticed an oklob plant
  6425 | Gauntlet | Found a transporter.
  6425 | Gauntlet | Found a transporter.
  6425 | Gauntlet | Noticed a wizard
  6428 | Gauntlet | Found a transporter.
  6428 | Gauntlet | Found a transporter.
  6430 | Gauntlet | Found a large runed translucent door.
  6431 | Gauntlet | Found a large runed translucent door.
  6432 | Gauntlet | Found a large runed translucent door.
  6432 | Gauntlet | Found a large runed translucent door.
  6434 | Gauntlet | Found a large runed translucent door.
  6434 | Gauntlet | Found a large runed translucent door.
  6435 | Gauntlet | Found a runed translucent door.
  6435 | Gauntlet | Found a large runed translucent door.
  6435 | Gauntlet | Found a large runed translucent door.
  6436 | Gauntlet | Found a runed translucent gate.
  6437 | Gauntlet | Noticed a smoke demon
  6437 | Gauntlet | Noticed a moth of wrath
  6438 | Gauntlet | Found a transporter.
  6442 | Gauntlet | Found a transporter.
  6451 | Gauntlet | Noticed a sixfirhy
  6452 | Gauntlet | Found a transporter.
  6464 | Gauntlet | Noticed a sixfirhy
  6546 | Gauntlet | Found a large runed translucent door.
  6547 | Gauntlet | Found a large runed translucent door.
  6548 | Gauntlet | Found a large runed translucent door.
  6548 | Gauntlet | Found a large runed translucent door.
  6548 | Gauntlet | Found a runed translucent door.
  6549 | Gauntlet | Found a large runed translucent door.
  6550 | Gauntlet | Found a large runed translucent door.
  6551 | Gauntlet | Found a large runed translucent door.
  6551 | Gauntlet | Found a large runed translucent door.
  6552 | Gauntlet | Found a runed translucent gate.
  6552 | Gauntlet | Found a runed translucent gate.
  6554 | Gauntlet | Found a transporter.
  6558 | Gauntlet | Found a transporter.
  6570 | Gauntlet | Found a transporter.
  6668 | Gauntlet | Killed an oklob plant
  6702 | Gauntlet | Got a pair of translucent gloves
  6713 | Gauntlet | Identified the +0 pair of gloves of the Farrier {rElec
                  | Int+2} (You found it in a Gauntlet)
  6761 | Gauntlet | Killed a moth of wrath
  6761 | Gauntlet | Reached skill level 5 in Evocations
  6894 | Gauntlet | Killed a sixfirhy
  6898 | Gauntlet | HP: 2/124 [sixfirhy (6)]
  6898 | Gauntlet | Slain by a sixfirhy

Levels and vault maps discovered:
D:1:      dpeg_cavernosity, layout_rooms
D:2:      layout_basic
D:3:      layout_basic, ebering_ghost_gozag, minmay_unequal
D:4:      cheibrodos_fertilizer, layout_basic, serial_shops,
          kennysheep_little_box, gup_sewer_entry_bubbles, first_ration,
          tgw_kikubaaqudgha
D:5:      layout_basic, basic_altar, grunt_decor_cap, minmay_manual_moon
D:6:      layout_loops_corners, old_standard_altar,
          minmay_temple_entry_gardened_gates, bloody_trog, uniq_pikel,
          uniq_edmund
D:7:      layout_cave_pools
D:8:      layout_basic, lair_entry_dummy, hangedman_little_slice_of_home,
          okawaru_ov_weapons_minmay
Lair:1:   layout_cave_pods, gauntlet_entry_generic
Gauntlet: gammafunk_gauntlet_hard_choice [gammafunk_gauntlet_arena_teeth,
          gammafunk_gauntlet_arena_crates, gammafunk_gauntlet_arena_mazey,
          minmay_gauntlet_arena_make_your_own_arena,
          nicolae_gauntlet_arena_flowing_pool, nicolae_gauntlet_swirl,
          gauntlet_exit_watery]

Skill      XL: |  1  2  3  4  5  6  7  8  9 10 |
---------------+-------------------------------+-----
Polearms       | 4 5 6 8 9 11 14 | 14.0
Dodging        | 4 |  4.8
Fighting       | 5 |  5.8
Evocations     | 7 |  7.6

Action                   |  1- 3 |  4- 6 |  7- 9 | 10-12 || total
-------------------------+-------+-------+-------+-------++-------
Melee: Spear             |   102 |    96 |       |       ||   198
       Tailslap          |    10 |    20 |    62 |    15 ||   107
       Headbutt          |     5 |    27 |    75 |    21 ||   128
       Trident           |       |    69 |   564 |   146 ||   779
Invok: Berserk           |     1 |     4 |     4 |     2 ||    11
       Brothers in Arms  |       |       |     1 |       ||     1
       Trog's Hand       |       |       |       |     1 ||     1
 Abil: Breathe Dispellin |       |       |     1 |       ||     1
Evoke: Wand              |       |       |     1 |       ||     1
  Use: Scroll            |     7 |     1 |     8 |     1 ||    17
       Potion            |     3 |     1 |     5 |     2 ||    11
 Stab: Sleeping          |     2 |     1 |     3 |       ||     6
  Eat: Chunk             |     2 |     6 |    14 |     2 ||    24
       Ration            |       |       |     1 |     1 ||     2
Armor: Skin              |    31 |    21 |   183 |    32 ||   267
Dodge: Dodged            |    61 |    77 |   307 |    82 ||   527
